 Dungeon Crawl Stone Soup version 0.18-a0-674-g00855b9 (webtiles) character file.

10790 M4edhros the Covert (level 11, -15/63 HPs)
             Began as an Octopode Artificer on Dec 4, 2015.
             Was an Elder of Fedhas.
             Demolished by an orc warrior
             ... wielding a +0 glaive
              (27 damage)
             ... on level 1 of the Orcish Mines on Dec 6, 2015.
             The game lasted 00:26:36 (11762 turns).

M4edhros the Covert (Octopode Artificer)           Turns: 11762, Time: 00:26:37

Health: -15/63     AC:  1    Str: 10    XL:     11   Next: 67%
Magic:  19/20      EV:  9    Int: 17    God:    Fedhas [****..]
Gold:   678        SH:  0    Dex: 10    Spells: 0 memorised, 22 levels left

rFire  + . .     SeeInvis .     t - +2 hunting sling (flame)
rCold  x . .     Clarity  .     (no shield)
rNeg   . . .     SustAt   .     (helmet restricted)
rPois  .         Gourm    .     f - amulet of resist corrosion
rElec  .         Spirit   .     p - ring of fire
rCorr  +         Dismiss  .     w - ring of invisibility
rMut   .         Stasis   .     v - ring of wizardry
MR     .....                    D - ring of wizardry
Stlth  +++.......               N - ring of stealth
                                (no ring)
                                (no ring)
                                (no ring)

@: glowing, not resistant to hostile enchantments, fairly stealthy
A: almost no armour, amphibious, 8 rings, constrict 8, tentacle spike 1,
camouflage 1, clumsy 1, weak 1, gelatinous body 1
a: Evolution, Sunlight, Growth, Reproduction, Renounce Religion, Evoke
Invisibility


You were on level 1 of the Orcish Mines.
You worshipped Fedhas.
Fedhas was greatly pleased with you.
You were near starving.

You visited 3 branches of the dungeon, and saw 13 of its levels.
You also visited: Sewer.

You collected 678 gold pieces.

Inventory:

Hand Weapons
 h - a +0 blowgun
 i - a +0 hunting sling of evasion
 n - a +2 whip of electrocution
 s - the +7 quarterstaff of Purpose {venom, Int+4}
   (You found it on level 9 of the Dungeon)

   It poisons the flesh of those it strikes.
   It affects your intelligence (+4).
 t - a +2 hunting sling of flaming (weapon)
 I - a +0 short sword of venom
Missiles
 g - 188 stones (quivered)
 o - 2 curare-tipped needles
 y - 9 poisoned needles
Jewellery
 f - an amulet of resist corrosion (around mantle)
 p - a ring of fire (left tentacle)
 v - a ring of wizardry (on tentacle)
 w - a ring of invisibility (right tentacle)
 D - a ring of wizardry (on tentacle)
 E - an uncursed amulet of regeneration
 N - a ring of stealth (on tentacle)
Wands
 c - a wand of enslavement (4)
 d - a wand of random effects (2)
 j - a wand of cold (5)
 k - a wand of confusion (21)
 F - a wand of polymorph (5)
 O - a wand of flame (14)
 S - a wand of digging (18)
 V - a wand of digging (15)
 Y - a wand of lightning (9)
Scrolls
 l - 6 scrolls of teleportation
 q - a scroll of enchant armour
 B - 2 scrolls of immolation
 K - 2 scrolls of fog
 L - 3 scrolls of fear
 M - 2 scrolls of recharging
 P - a scroll of magic mapping
 U - a scroll of silence
 W - a scroll of amnesia
Potions
 b - 8 potions of poison
 m - a potion of might
 u - 2 potions of brilliance
 x - a potion of haste
 z - a potion of agility
 A - 3 potions of curing
 T - a potion of heal wounds
Books
 G - a Necronomicon

   Spells                             Type                      Level
   a - Haunt                          Necromancy/Summoning         7
   b - Borgnjor's Revivification      Necromancy                   8
   c - Death's Door                   Charms/Necromancy            8
   d - Necromutation                  Transmutation/Necromancy     8
 X - a book of Hinderance

   Spells                             Type                      Level
   a - Confusing Touch                Hexes                        2
   b - Confuse                        Hexes                        3
   c - Gell's Gravitas                Hexes/Translocation          3
   d - Petrify                        Transmutation/Earth          4
   e - Metabolic Englaciation         Hexes/Ice                    5
   f - Yara's Violent Unravelling     Hexes/Transmutation          5
Comestibles
 a - 4 meat rations
 e - 5 bread rations
 r - 17 fruits
 C - 9 slices of pizza
 J - 3 royal jellies
 Q - 2 beef jerkies


   Skills:
 - Level 1.0 Fighting
 - Level 1.0 Short Blades
 + Level 6.1 Slings
 + Level 6.6 Dodging
 + Level 11.9 Stealth
 + Level 6.2 Spellcasting
 * Level 7.5 Invocations
 + Level 10.4 Evocations


You had 22 spell levels left.
You didn't know any spells.

Dungeon Overview and Level Annotations

Branches:
Dungeon (11/15)            Temple (1/1) D:7            Lair (0/8) D:10
    Orc (1/4) D:11

Altars:
Ashenzari
Cheibriados
Dithmenos
Fedhas
Gozag
Kikubaaqudgha
Makhleb
Nemelex Xobeh
Okawaru
Pakellas
Qazlal
Ru
Sif Muna
Trog
Vehumet
Yredelemnul
Zin
The Shining One

Shops:
D:6 :

Portals:
Trove: D:10 (give +4 demon trident)


Innate Abilities, Weirdness & Mutations

You cannot wear most types of armour.
You are amphibious.
You can wear up to eight rings at the same time.
You can use your tentacles to constrict eight enemies at once.
Your skin changes colour to match your surroundings (Stealth).
Your rubbery body absorbs attacks (AC +1).
One of your tentacles bears a spike.
You are clumsy. (Dex -2)
You are weak. (Str -2)


Message History

Your wandering mushroom closely misses something.
Something hits your wandering mushroom!
Your wandering mushroom is destroyed!
You feel a little guilty.
An orc warrior comes into view. It is wielding a glaive.
The orc warrior barely misses you.
There is a staircase back to the Dungeon here.
Firing (i - inventory):
g - 189 stones (quivered)
Press: ? - help, Shift-Dir - straight line, f - orc
Aim: an orc, wielding a morningstar and wearing a scale mail (hasn't noticed you, haloed)
You shoot a stone. The orc shouts!
The stone hits the orc but does no damage.
The orc hits you with a morningstar.
The orc warrior hits you from afar with a glaive!
The orc hits you with a morningstar!
* * * LOW HITPOINT WARNING * * *
The orc warrior hits you from afar with a glaive!!
You die...
Fedhas appreciates your contribution to the ecosystem.

.# ## ...##.### o
.#.(...#
((#.......
.o((...P.#
o..(.#PP####
...o(#.P@#.##
#(oo#...#
.....#.###..#
........$# ...#
.......$...$..#
.....$...$......
......#..........
.....##......#.###
..... .......###


You could see an orc warrior and an orc.

Vanquished Creatures
  2 unseen horrors (D:10)
  A hill giant (D:10)
  Psyche (D:10)
  A wyvern (D:8)
  A troll (D:11)
  4 yaks
  A deep elf mage (D:10)
  A deep elf fighter (D:10)
  A soldier ant (D:11)
  2 water moccasins
  2 phantoms
  An ice beast (D:5)
  2 sky beasts (D:9)
  2 black bears
  An ogre (D:5)
  An orc warrior (D:8)
  3 centaurs
  12 big kobolds
  3 giant frogs
  A scorpion (D:9)
  A water moccasin skeleton (D:9)
  7 wights
  A crimson imp (D:10)
  4 jellies
  2 centaur skeletons
  A giant frog zombie (D:6)
  4 orc priests
  A centaur zombie (D:6)
  A gnoll shaman (D:6)
  Ijyb (D:2)
  8 hounds
  10 orc wizards
  6 iguanas
  2 sheep (D:8)
  9 worker ants
  A hound zombie (D:5)
  A hound skeleton (D:7)
  22 adders
  3 gnolls (D:6)
  5 river rats
  3 oozes
  5 worms
  4 giant geckos
  42 orcs
  4 giant cockroaches
  7 goblins
  2 hobgoblins (D:2)
  7 jackals
  5 ball pythons
  16 bats
  A giant gecko skeleton (D:4)
  5 giant newts
  A jackal skeleton (D:6)
  11 kobolds
  5 quokkas
  2 quokka skeletons
  22 rats
275 creatures vanquished.

Vanquished Creatures (collateral kills)
  Snorg (D:11)
  A hydra (D:8)
  The ghost of cireshan the Ruffian, a novice TrMo (D:8)
  The ghost of Crishpax the Thaumaturge, a novice OpWz of Vehumet (D:7)
  The ghost of Zooty the Slasher, an amateur DgWr (D:3)
  A hungry ghost (D:10)
  Grum (D:11)
  4 yaks (D:11)
  4 wolves (D:11)
  A steam dragon (D:9)
  A soldier ant (D:11)
  A phantom (D:10)
  A swamp drake (D:11)
  2 orc warriors (D:11)
  An ogre (Orc:1)
  A wasp (D:8)
  A big kobold (D:8)
  A giant frog (D:11)
  A wyvern skeleton (D:7)
  2 wights (D:7)
  4 killer bees (D:10)
  A centaur zombie (D:5)
  A giant frog skeleton (D:10)
  A crimson imp (D:9)
  A hound (D:10)
  A jelly (D:11)
  5 orc priests
  5 orc wizards
  A hound skeleton (D:5)
  A shadow imp (D:8)
  An adder skeleton (D:5)
  12 orcs
  A hobgoblin (D:3)
  A jackal (D:5)
  2 kobolds
66 creatures vanquished.

Vanquished Creatures (others)
  14 wandering mushrooms
  A hungry ghost (D:8)
  A necrophage (D:9)
  A giant frog zombie (D:5)
  An orc wizard (D:5)
  A killer bee zombie (D:11)
  An orc (D:5)
  A fungus (D:10)
  212 toadstools
233 creatures vanquished.

Grand Total: 574 creatures vanquished

Notes
Turn   | Place    | Note
--------------------------------------------------------------
     0 | D:1      | M4edhros the Octopode Artificer began the quest for the Orb.
     0 | D:1      | Reached XP level 1. HP: 13/13 MP: 3/3
   501 | D:2      | Reached XP level 2. HP: 16/18 MP: 4/4
   516 | D:2      | Reached XP level 3. HP: 15/23 MP: 5/5
   542 | D:2      | Reached skill level 4 in Evocations
  1002 | D:4      | Reached XP level 4. HP: 28/28 MP: 7/7
  1244 | D:4      | Reached skill level 5 in Evocations
  1244 | D:4      | Reached XP level 5. HP: 18/33 MP: 8/8
  1254 | D:4      | Reached skill level 5 in Stealth
  1838 | D:5      | Entered Level 5 of the Dungeon
  2075 | D:5      | Noticed a phantom
  2077 | D:5      | Noticed a water moccasin
  2084 | D:4      | Killed a phantom
  2084 | D:4      | Reached skill level 6 in Stealth
  2084 | D:4      | Reached XP level 6. HP: 33/38 MP: 10/10
  2220 | D:5      | Killed a water moccasin
  2323 | D:5      | Reached skill level 7 in Stealth
  2332 | D:5      | Reached XP level 7. HP: 11/43 MP: 11/11
  2967 | D:5      | Reached skill level 8 in Stealth
  3145 | D:5      | Reached XP level 8. HP: 48/48 MP: 13/13
  3362 | D:6      | Reached skill level 9 in Stealth
  3362 | D:6      | Reached skill level 1 in Spellcasting
  3434 | D:6      | Reached skill level 1 in Slings
  3554 | D:6      | Found Ysiomiuc's Book Shoppe.
  3633 | D:6      | Found a glowing drain.
  3649 | Sewer    | Entered a sewer
  3936 | Sewer    | Reached XP level 9. HP: 48/53 MP: 15/15
  4546 | D:7      | Found a staircase to the Ecumenical Temple.
  4567 | Temple   | Entered the Ecumenical Temple
  4657 | Temple   | Became a worshipper of Fedhas Madash
  5486 | D:2      | Noticed Ijyb
  5493 | D:2      | Killed Ijyb
  5996 | D:3      | Reached * piety under Fedhas
  5997 | D:3      | Upgraded the game from 0.18-a0-640-g2c992fa to 0.18-a0-674-g00855b9
  6357 | D:3      | Noticed Zooty's ghost (amateur DgWr)
  6369 | D:3      | Killed Zooty's ghost
  6369 | D:3      | Reached skill level 10 in Stealth
  6369 | D:3      | Reached skill level 1 in Invocations
  6832 | D:7      | Noticed Crishpax's ghost (novice OpWz)
  6910 | D:7      | Killed Crishpax's ghost
  7094 | D:7      | Reached ** piety under Fedhas
  7436 | D:7      | You fall through a shaft for 2 floors!
  7511 | D:9      | Reached XP level 10. HP: 51/58 MP: 17/17
  7887 | D:8      | Reached skill level 5 in Dodging
  8004 | D:8      | Noticed cireshan's ghost (novice TrMo)
  8017 | D:8      | Killed cireshan's ghost
  8069 | D:8      | Reached skill level 5 in Spellcasting
  8147 | D:8      | Noticed a three-headed hydra
  8154 | D:8      | Killed a three-headed hydra
  8570 | D:9      | Reached skill level 5 in Slings
  8613 | D:9      | Reached skill level 11 in Stealth
  8666 | D:9      | Got a crystal quarterstaff
  8678 | D:9      | Reached skill level 5 in Invocations
  9166 | D:10     | Entered Level 10 of the Dungeon
  9193 | D:10     | Noticed an unseen horror
  9299 | D:10     | Reached *** piety under Fedhas
  9494 | D:10     | Found a portal to a secret trove of treasure.
  9551 | D:10     | Identified the +7 quarterstaff of Purpose {venom, Int+4} (You found it on level 9 of the Dungeon)
  9583 | D:10     | Noticed Psyche
  9596 | D:10     | Killed Psyche
  9596 | D:10     | Reached XP level 11. HP: 16/63 MP: 19/19
  9602 | D:10     | Found a staircase to the Lair.
  9692 | D:10     | Reached skill level 10 in Evocations
  9787 | D:10     | Noticed an unseen horror
  9790 | D:10     | Killed an unseen horror
  9811 | D:10     | HP: 3/63 [unseen horror (12)]
  9815 | D:10     | Killed an unseen horror
  9981 | D:10     | Noticed a hill giant
  9996 | D:10     | Killed a hill giant
 10509 | D:11     | Noticed Grum
 10522 | D:11     | Killed Grum
 11096 | D:11     | Noticed Snorg
 11110 | D:11     | Killed Snorg
 11328 | D:11     | Found a staircase to the Orcish Mines.
 11374 | D:11     | Reached **** piety under Fedhas
 11389 | D:11     | Gained mutation: You are clumsy. (Dex -2) [potion of mutation]
 11389 | D:11     | Gained mutation: You are weak. (Str -2) [potion of mutation]
 11389 | D:11     | Gained mutation: One of your tentacles bears a spike. [potion of mutation]
 11596 | Orc:1    | Entered Level 1 of the Orcish Mines
 11762 | Orc:1    | Demolished by an orc warrior

Vault maps used:
D:1:      matt_arrival_los_fun, minmay_crystal_room
D:2:      uniq_iyjb
D:3:      nicolae_overflow_hidden_temple, first_bread
D:6:      serial_shops, shop, portal_sewer_entry_d, serial_bayou_lagoon_a
D:7:      minmay_temple_entry_water_ring
D:8:      minmay_klotski, hangedman_ranch
D:10:     grunt_lair_entry_elf_guard_hut, nicolae_trove_entry_free_sample,
          uniq_psyche
D:11:     erik_orc_1, uniq_grum, uniq_snorg
Temple:   kilobyte_greek_temple_18
Sewer:    sewer_co_tree

Action                   |  1- 3 |  4- 6 |  7- 9 | 10-12 || total
-------------------------+-------+-------+-------+-------++-------
Melee: Short sword       |    42 |       |       |    16 ||    58
       Whip              |     8 |    34 |   325 |    74 ||   441
       Quarterstaff      |       |       |       |    21 ||    21
 Fire: Hunting sling     |       |       |       |   448 ||   448
       Blowgun           |       |       |       |     9 ||     9
Invok: Evolution         |       |       |     2 |    13 ||    15
       Sunlight          |       |       |       |     9 ||     9
 Abil: Evoke Invisibilit |       |       |     2 |       ||     2
Evoke: Wand              |     4 |    11 |    16 |     9 ||    40
  Use: Potion            |       |       |     4 |     8 ||    12
       Scroll            |       |       |    15 |    11 ||    26
 Stab: Sleeping          |     4 |     3 |    49 |     8 ||    64
       Distracted        |       |     2 |     2 |       ||     4
       Paralysed         |       |       |     2 |       ||     2
       Invisible         |       |       |     1 |       ||     1
       Confused          |       |       |     1 |     1 ||     2
  Eat: Chunk             |       |     1 |     6 |     6 ||    13
       Meat ration       |       |     1 |       |     1 ||     2
       Bread ration      |       |       |     2 |     1 ||     3
       Beef jerky        |       |       |     1 |       ||     1
